[Event "Baku Open 2024"]
[Site "Baku"]
[Date "2024.07.03"]
[Round "5.2"]
[White "Yeletsky, Ivan"]
[Black "Aditya Mittal"]
[Result "1/2-1/2"]
[ECO "B90"]
[WhiteElo "2498"]
[BlackElo "2595"]
[Annotator "TA"]
[PlyCount "50"]
[EventDate "2024.06.29"]
[EventType "swiss"]
[EventCountry "AZE"]
[SourceTitle "playchess.com"]
[Source "ChessBase"]
[SourceQuality "1"]
[TimeControl "5400+30"]

1. e4 c5 2. Nf3 d6 3. d4 cxd4 4. Nxd4 Nf6 5. Nc3 a6 6. a4 e5 7. Nf3 Be7 8. Bc4 Be6 9. Qe2 O-O 10. O-O Qc7 11. Bb3 Nbd7 12. Bg5 Rac8 13. Rfd1 h6 14. Bxf6 Nxf6 15. h3 Rfd8 16. a5 Qc6 17. Rd3 b5 (17... Nh5 $11 {was preferrable.}) 18. axb6 $14 Qxb6 19. Nh4 Qb7 20. Rad1 (20. Nf5 $14 {might be stronger.}) 20... Bxb3 $11 {[%emt 0:11:18] The position is equal.} 21. cxb3 g6 $1 {[%emt 0:01:37][%cal Of6h5] Inhibits Nf5.} 22. Nf3 Qxb3 23. Nd5 Qb7 24. Nxf6+ Bxf6 25. Rxd6 Rxd6 {[%emt 0:03:03] Weighted Error Value: White=0.07 (flawless) /Black=0.07 (flawless) .  Mistake:       	White=1     	Black=1      Inaccurate:     	White=1     	---        OK:         	White=5     	Black=6      Best:        	White=3     	Black=1      Strong:       	---       	Black=1} 1/2-1/2

[Event "Baku Open 2024"]
[Site "Baku"]
[Date "2024.07.03"]
[Round "5.3"]
[White "Narayanan S L"]
[Black "Ahmadzada, Ahmad"]
[Result "1-0"]
[ECO "E56"]
[WhiteElo "2668"]
[BlackElo "2481"]
[Annotator "TA"]
[PlyCount "43"]
[EventDate "2024.06.29"]
[EventType "swiss"]
[EventCountry "AZE"]
[SourceTitle "playchess.com"]
[Source "ChessBase"]
[SourceQuality "1"]
[TimeControl "5400+30"]

1. d4 Nf6 2. c4 e6 3. Nf3 d5 4. Nc3 c5 5. e3 a6 6. cxd5 exd5 7. Bd3 Nc6 8. O-O Bd6 9. dxc5 Bxc5 10. h3 O-O 11. b3 d4 12. exd4 Nxd4 13. Bb2 {[%emt 0:00:32] White is slightly better.} Bf5 {[%emt 0:05:07] aiming for ...Nxf3+.} 14. Bxf5 Nxf5 15. Qc2 Qc8 16. Rac1 Re8 {[%emt 0:21:23] Dodges Ne4} (16... Ne3 $14 17. fxe3 Bxe3+ 18. Kh1 Nh5) 17. Na4 $18 Ba7 18. Qb1 Qd7 19. Nc5 $1 Bxc5 20. Rxc5 Ne4 {[%emt 0:03:17] [#]} 21. Rd1 $1 ({Resist} 21. Ne5 Qe7 $18) 21... Nfd6 {[%emt 0:05:14] [#]} 22. Ng5 $1 {[%emt 0:01:31] White took control after the opening.   Weighted Error Value: White=0.01 (flawless) /Black=0.26 (precise) .  Mistake:       	---       	Black=1      Inaccurate:     	---       	Black=1      OK:         	White=5     	Black=4      Best:        	White=1     	Black=1      Strong:       	White=3     	---} 1-0

[Event "Baku Open 2024"]
[Site "Baku"]
[Date "2024.07.03"]
[Round "5.4"]
[White "Mamedov, Rauf"]
[Black "Salimova, Nurgyul"]
[Result "1-0"]
[ECO "A14"]
[WhiteElo "2651"]
[BlackElo "2436"]
[Annotator "TA"]
[PlyCount "59"]
[EventDate "2024.06.29"]
[EventType "swiss"]
[EventCountry "AZE"]
[SourceTitle "playchess.com"]
[Source "ChessBase"]
[SourceQuality "1"]
[TimeControl "5400+30"]

1. c4 e6 2. g3 d5 3. Bg2 Nf6 4. Nf3 Be7 5. O-O O-O 6. b3 b6 7. Bb2 Bb7 8. e3 dxc4 9. bxc4 c5 10. Nc3 Nc6 11. Qe2 Nb4 12. d4 cxd4 13. exd4 Rc8 14. Rfd1 Re8 15. a3 Nc6 16. d5 {[%emt 0:00:00] White is better.} exd5 17. Nxd5 (17. cxd5 Na5 $11) 17... Nxd5 18. Rxd5 (18. cxd5 Na5 $15) 18... Qc7 19. Re1 {[%emt 0:00:30] Threatens to win with Bh3. White is much more active.} h6 (19... Na5 $16 {keeps fighting.}) 20. Nh4 $18 {[%emt 0:00:30][%cal Bf3h4,Bh4f5,Bf5h6,Bh6g4][%mdl 32] Nf5 would now be deadly.} Qb8 {[%emt 0:00:00] Strongly threatening ...Bxh4.} 21. Qg4 Bg5 $2 (21... Bf8 {is a better defense.} 22. Be4 Ne7 (22... Ne5 $2 23. Bxe5 Bxd5 24. Bxb8 $18)) 22. Red1 Nd8 $2 {[%emt 0:00:00] [#]} (22... Rcd8 23. Nf5 (23. Bxg7 Kxg7 24. Nf5+ Kf8 $16) 23... Rxd5 24. Bxd5 (24. cxd5 Ne5 $18) 24... Ne5 25. Bxe5 Rxe5) 23. Nf5 $1 Bxd5 (23... Qc7 24. Bxg7) 24. Bxd5 Ne6 25. h4 g6 26. hxg5 h5 27. Nh6+ Kh7 {[%emt 0:00:00] [#]} 28. Qxh5 $3 {[%emt 0:00:00][%mdl 512] White mates.} Nf4 29. Qh4 (29. gxf4 gxh5 30. Bxf7 Qxf4 31. g6+ Kxh6 $17) 29... Nh5 30. Ng4 {[%emt 0:00:00] White took control after the opening.   Weighted Error Value: White=0.30/Black=0.95.  Mistake:       	---       	Black=3      Inaccurate:     	White=1     	Black=1      OK:         	White=2     	Black=2      Best:        	White=4     	---} 1-0

[Event "Baku Open 2024"]
[Site "Baku"]
[Date "2024.07.03"]
[Round "5.5"]
[White "Manafov, Vugar"]
[Black "Pranav Vijay"]
[Result "0-1"]
[ECO "A91"]
[WhiteElo "2430"]
[BlackElo "2252"]
[Annotator "TA"]
[PlyCount "138"]
[EventDate "2024.06.29"]
[EventType "swiss"]
[EventCountry "AZE"]
[SourceTitle "playchess.com"]
[Source "ChessBase"]
[SourceQuality "1"]
[TimeControl "5400+30"]

1. d4 f5 2. c4 Nf6 3. g3 e6 4. Bg2 Be7 5. Nc3 d5 6. Nf3 c6 7. O-O Ne4 8. Ne5 Nd7 9. Nxd7 Bxd7 10. Qb3 Nxc3 11. Qxc3 h5 12. Qb3 Qb6 13. Bf4 Bf6 14. e3 h4 15. Rfc1 Kf7 16. c5 Qxb3 17. axb3 g5 18. Bd6 a6 19. f3 Rae8 20. Kf2 e5 21. dxe5 Bxe5 22. Bxe5 Rxe5 23. Ra4 hxg3+ 24. hxg3 Kf6 25. Rb4 Bc8 26. Rd4 Re7 27. Re1 Be6 28. Rb4 Bf7 29. Rh1 Rhe8 30. Re1 $1 Rb8 31. Ra1 Rbe8 32. Re1 $1 Bg6 33. Bf1 Rh7 34. Bg2 Re6 35. Ra4 Rhe7 36. Bf1 Kg7 37. Bg2 Kf8 38. Bf1 Ke8 39. Bg2 Kd8 40. Raa1 Kc7 41. b4 Kd8 42. f4 Bh5 43. Bh3 (43. fxg5 $11 Rg6 44. Rh1 Rxg5 45. Rh4) 43... Rf7 (43... Bg4 $15 44. Bg2 d4 45. fxg5 dxe3+ 46. Kg1 Ke8) 44. Rh1 $11 gxf4 45. gxf4 d4 46. Ra3 Kc7 47. Bf1 (47. Rd3 {simplifies} dxe3+ 48. Rxe3 Rxe3 49. Kxe3 Re7+ 50. Kf2) 47... Bg4 48. Bc4 (48. exd4 Re4 49. Rd3 Rd7 $17 (49... Rxf4+ 50. Kg3 $17)) 48... dxe3+ 49. Kg3 Rfe7 50. Bxe6 Rxe6 51. Re1 e2 52. Kh4 Re4 53. Kg5 Rxb4 54. Rg3 $1 Rxb2 55. Rxg4 $1 fxg4 56. f5 $1 g3 57. f6 Rb3 $1 58. Kf4 Kd8 59. Rxe2 Rb1 $1 60. Kf5 $2 {[%emt 0:01:16][%mdl 8192] [#]} (60. Kg5 $11) 60... Rf1+ $1 $19 61. Kg6 $2 {[%emt 0:00:31] [#]} (61. Ke6 Ke8 62. Rg2) 61... Rf2 $1 $19 62. Re3 g2 63. Rg3 Ke8 64. Kg7 a5 65. Re3+ Kd7 66. Rg3 Ke6 67. Rg6 a4 68. f7+ Ke7 69. Kg8 Rxf7 (69... a3 $142 70. Rg7 Kd8 71. f8=Q+ Rxf8+ 72. Kxf8 a2 73. Rxg2 a1=Q (73... a1=B 74. Kf7 $11) 74. Rg7 Qe5 (74... Qf6+ 75. Kg8) 75. Rh7 Qxc5+ 76. Kg8 Qd5+ 77. Kg7 c5 78. Kg6 Qe4+ 79. Kh6 c4 80. Rf7 c3 81. Kg7 c2 82. Rf8+ Ke7 83. Rf7+ Kd6 84. Rf6+ Kc5 85. Rf7 Qe5+ (85... c1=R {leads to mate.} 86. Rc7+ Kd6 87. Rxc1 Ke6 88. Rc8 Qg4+ 89. Kh7 Kf7 90. Rc7+ Kf6 91. Kh8 Qh3+ 92. Kg8 Qg3+ 93. Kh8 Qxc7 94. Kg8 Qg7#) 86. Kg6 c1=Q (86... c1=R {is a self mate.} 87. Rf5 Rg1+ 88. Kh6 Kd4 89. Rxe5 Kxe5 90. Kh5 Kf4 91. Kh6 Kf5 92. Kh7 Kf6 93. Kh8 Kf7 94. Kh7 Rh1#) 87. Rf5 Qg1+ 88. Kh6 Qgg7+ 89. Kh5 Qxf5+ 90. Kh4 Qfh7#) 0-1

[Event "Baku Open 2024"]
[Site "Baku"]
[Date "2024.07.03"]
[Round "5.6"]
[White "Puranik, Abhimanyu"]
[Black "Suyarov, Mukhammadzokhid"]
[Result "1-0"]
[ECO "C42"]
[WhiteElo "2632"]
[BlackElo "2430"]
[Annotator "TA"]
[PlyCount "111"]
[EventDate "2024.06.29"]
[EventType "swiss"]
[EventCountry "AZE"]
[SourceTitle "playchess.com"]
[Source "ChessBase"]
[SourceQuality "1"]
[TimeControl "5400+30"]

1. e4 e5 2. Nf3 Nf6 3. Nxe5 d6 4. Nf3 Nxe4 5. Nc3 Nxc3 6. dxc3 Be7 7. Bf4 Nd7 8. Qd2 O-O 9. O-O-O Nc5 10. Nd4 d5 11. f3 {[%emt 0:03:47][%cal Oh2h4] Wards off Ne4} c6 12. h4 Bd7 {[%emt 0:06:26] White has an edge.} 13. h5 b5 14. g4 h6 15. Kb1 (15. Rg1 $14) 15... a5 (15... Re8 $11) 16. Be2 (16. Rg1 $1 $14) 16... Re8 $11 17. Rh2 (17. Rhg1 $11 {keeps the balance.}) 17... Na4 (17... Bf6 $17 {[%cal Ob5b4] Strongly threatening ...b4!} 18. Rg2 b4) 18. Rg2 (18. b3 $1 $11 {was the only way to keep the balance.} Nc5 19. Bf1) 18... b4 $17 {[%emt 0:06:33] [#] Threatens to win with ...bxc3.} 19. c4 Bf6 (19... Qb6 $142 {[%cal Oa4c3] ...Nc3+! would now be deadly.} 20. Qd3 c5) 20. g5 hxg5 21. Bxg5 c5 (21... Bxg5 $17 22. Rxg5 Qf6) 22. Qf4 Be5 (22... Bxg5 23. Rxg5 f6 (23... cxd4 $2 24. h6 $18) 24. Rg6 $18) 23. Qxe5 Rxe5 24. Bxd8 Rxd8 25. Nb3 Bh3 26. Rh2 d4 (26... Rxh5 27. Rdh1 dxc4 28. Nxa5 $14 (28. Rxh3 Rxh3 29. Rxh3 cxb3 $17) (28. Nc1 Rd4 $16)) (26... Bf5 $11) 27. Bd3 ({White should play} 27. Rg1 $16) 27... Bd7 $14 (27... Rxh5 $2 {perishes.} 28. Rdh1 $18 (28. Nxa5 Rd6 $15)) 28. Nxa5 Rde8 29. Rhh1 Re3 30. Be4 f5 (30... Re5 $1 $11) 31. Bd5+ $16 Kh7 32. Nb7 (32. f4 $16) 32... R8e5 (32... R8e7 $14) 33. Kc1 (33. Nd6 $142 {[%cal Oh5h6] h6! is the strong threat.} Re7 34. Rdg1) 33... Re2 (33... Re7 $142) 34. b3 Nc3 35. Nxc5 $1 Be8 $2 {[%emt 0:01:13] This move loses the game for Black.} (35... Nxa2+ 36. Kb2 Nc3 37. Nxd7 $18) ({Wrong is} 35... Nxd1 $2 36. Rxd1 Be8 37. Rxd4 $18) (35... f4 $16) 36. Rxd4 Re1+ 37. Rxe1 Rxe1+ 38. Kd2 Rd1+ 39. Ke3 Re1+ 40. Kf2 Re2+ {[%emt 0:00:10] [#]} 41. Kf1 $1 Rxc2 42. Be6 g6 (42... Rxa2 {was worth a try.} 43. Bxf5+ Kh6) 43. Rd8 $18 Bc6 44. hxg6+ Kxg6 45. Rd6 Be8 46. Bd7+ Kf7 47. Bxf5 Rc1+ 48. Kf2 {[%emt 0:00:45] aiming for Bg6+.} Kg7 49. Rb6 Nxa2 50. Ne4 Rb1 51. Rb7+ Kf8 52. Nc5 {[%emt 0:00:35] Threatening mate with Ne6+.} Rb2+ 53. Kg3 Nc3 54. Ne6+ Kg8 55. Rg7+ Kh8 56. Re7 {[%emt 0:00:07] Weighted Error Value: White=0.19 (very precise) /Black=0.42.  Loses game:     	---       	Black=1      Mistake:       	White=7     	Black=9      Inaccurate:     	White=1     	Black=3      OK:         	White=19    	Black=13     Best:        	White=4     	Black=3      Strong:       	White=2     	---} 1-0

[Event "Baku Open 2024"]
[Site "Baku"]
[Date "2024.07.03"]
[Round "5.7"]
[White "Stribuk, Artiom"]
[Black "Suleymanli, Aydin"]
[Result "0-1"]
[ECO "A14"]
[WhiteElo "2422"]
[BlackElo "2626"]
[Annotator "TA"]
[PlyCount "60"]
[EventDate "2024.06.29"]
[EventType "swiss"]
[EventCountry "AZE"]
[SourceTitle "playchess.com"]
[Source "ChessBase"]
[SourceQuality "1"]
[TimeControl "5400+30"]

1. c4 Nf6 2. Nf3 e6 3. g3 d5 4. Bg2 Be7 5. O-O O-O 6. b3 d4 7. e3 c5 8. Ne5 {[%emt 0:00:08] Prevents Nc6} Qc7 9. f4 Nfd7 {[%emt 0:00:27] The position is equal.} 10. exd4 cxd4 11. Nd3 Nc6 12. Ba3 {[%emt 0:01:49] [#] Hoping for Bxc6.} Qd8 13. Qc1 Re8 14. Bxe7 Rxe7 15. b4 a5 16. Qa3 {[%emt 0:18:50] [#] Black continues to play with concentration.} (16. b5 $11 {and White stays safe.} Nb4 17. Nxb4 axb4 18. c5) 16... axb4 $1 $19 17. Qb2 (17. Qxa8 $2 Nb6 18. Bxc6 Nxa8 $19) 17... e5 18. fxe5 $2 (18. Nxb4 Qb6 19. a3) 18... Ndxe5 19. Nxe5 Rxe5 20. d3 Qg5 {[%emt 0:05:57] Strongly threatening ...Qe7.} 21. Nd2 Qe3+ 22. Rf2 Qxd3 23. Bd5 $2 (23. Bxc6 bxc6 24. Nf3) 23... Be6 24. Nf3 {[%emt 0:00:11] Black must now prevent Bxc6.} Rf5 25. Bxc6 bxc6 26. Nxd4 Rxf2 27. Qxf2 Qxc4 28. Nxe6 Qxe6 {[%emt 0:00:10] KQR-KQR} 29. Re1 Qd5 (29... Qxa2 $2 {too greedy.} 30. Qxa2 Rf8 31. Qc4 $18 (31. Qb3 c5 $18)) 30. Qa7 (30. Qe2 {is a better defense.} Qc5+ (30... Qxa2 31. Qe8+ Rxe8 32. Rxe8#) 31. Kh1) 30... Rf8 {[%emt 0:00:54] Weighted Error Value: White=0.59/Black=0.30.  Loses game:     	White=1     	---        Mistake:       	White=3     	---        Inaccurate:     	White=2     	Black=2      OK:         	White=8     	Black=6      Best:        	White=1     	---        Strong:       	---       	Black=1} ({Not} 30... Rxa7 31. Re8#) 0-1

[Event "Baku Open 2024"]
[Site "Baku"]
[Date "2024.07.03"]
[Round "5.8"]
[White "Abasov, Nijat"]
[Black "Mamedov, Edgar"]
[Result "1-0"]
[ECO "D02"]
[WhiteElo "2621"]
[BlackElo "2410"]
[Annotator "TA"]
[PlyCount "105"]
[EventDate "2024.06.29"]
[EventType "swiss"]
[EventCountry "AZE"]
[SourceTitle "playchess.com"]
[Source "ChessBase"]
[SourceQuality "1"]
[TimeControl "5400+30"]

1. d4 d5 2. Nf3 e6 3. Bf4 Nf6 4. e3 c5 5. Nbd2 Nc6 6. c3 cxd4 7. exd4 Nh5 8. Be3 Bd6 9. Bd3 {[%emt 0:00:07] White is slightly better.} Nf6 10. h3 h6 11. a4 O-O 12. O-O Qc7 13. Re1 Bd7 14. Rc1 Rac8 15. b4 e5 16. dxe5 Nxe5 17. Nxe5 Bxe5 18. a5 b6 19. axb6 axb6 20. Nf3 {[%emt 0:00:22] aiming for Nxe5.} Bf4 (20... Bxc3 $2 21. Bd4 $18) 21. Bxf4 Qxf4 22. Ne5 {[%emt 0:00:07] Hoping for g3.} Qg5 23. Nxd7 Nxd7 24. Bb5 Nf6 25. Qd4 Ne4 26. Red1 (26. Qxb6 $2 Nxc3 27. Rxc3 Rxc3 $19) (26. Ba6 {with more complications.} Rc6 27. f3 Rg6 28. Bf1) 26... Qf6 (26... Rfd8 {looks sharper.} 27. Ba6 Rc6 28. Bd3 Re8) 27. Qxf6 (27. Qxd5 $2 Nxc3 (27... Qxf2+ $2 28. Kh1 $19) 28. Qb7 Rb8 $19) 27... Nxf6 28. f3 Rc7 29. Kf2 Rfc8 30. Rd3 d4 31. Rxd4 $16 Rxc3 32. Rxc3 Rxc3 {[%emt 0:00:05][%mdl 4096] Endgame. KRB-KRN} 33. Rd8+ Kh7 34. Rd6 Nh5 (34... Kg8 $16) 35. Bd3+ $1 $18 (35. Rxb6 Nf4 $16) 35... g6 {[%emt 0:00:05] [#]} 36. Ke3 {[%emt 0:00:05] Prevents Nf4.} b5 (36... Kg7 $16 37. b5 (37. Rxb6 Nf4 $18) 37... Nf6) 37. g4 Ng7 38. Kd4 Rc1 39. Bxb5 Ne6+ {[%emt 0:01:16] [#]} 40. Rxe6 $2 fxe6 {[%emt 0:00:18] KR-KB} 41. Bd3 {[%emt 0:00:03] Threatens to win with b5.} Kg7 $2 (41... Rh1 $11) 42. b5 {[%emt 0:01:03] b6 would now be deadly.} Kf6 43. b6 {[%emt 0:00:36][%mdl 1024] White has strong compensation.} Rc6 $2 {[%emt 0:02:01] Loses the game.} (43... Rc8 $16) 44. b7 e5+ 45. Kd5 Rb6 {[%emt 0:00:04] [#]} 46. Ba6 $1 Kg5 (46... Kg7 47. Kc5) 47. Kxe5 {[%emt 0:03:51] Strongly threatening f4+.} Kh4 48. f4 h5 49. f5 {[%emt 0:04:54] White mates.} hxg4 50. fxg6 Rxg6 51. b8=Q ({Worse is} 51. b8=R Rxa6 52. hxg4 Kxg4 $11) 51... gxh3 52. Qb4+ Kg3 53. Qf4+ {[%emt 0:00:08] Weighted Error Value: White=0.12 (very precise) /Black=0.41.  Loses game:     	---       	Black=2      Missed win:     	White=1     	---        Mistake:       	---       	Black=3      Inaccurate:     	White=2     	Black=2      OK:         	White=14    	Black=8      Best:        	White=6     	Black=5      Strong:       	White=1     	---} 1-0

[Event "Baku Open 2024"]
[Site "Baku"]
[Date "2024.07.03"]
[Round "5.9"]
[White "Muradli, Mahammad"]
[Black "Soham Kamotra"]
[Result "1/2-1/2"]
[ECO "A07"]
[WhiteElo "2575"]
[BlackElo "2388"]
[Annotator "TA"]
[PlyCount "196"]
[EventDate "2024.06.29"]
[EventType "swiss"]
[EventCountry "AZE"]
[SourceTitle "playchess.com"]
[Source "ChessBase"]
[SourceQuality "1"]
[TimeControl "5400+30"]

1. g3 Nf6 2. Bg2 d5 3. Nf3 Nbd7 4. c4 dxc4 5. Na3 e5 6. Nxc4 e4 7. Ng5 Qe7 8. d3 {[%emt 0:06:08] White is more active. White is slightly better.} exd3 9. Qxd3 h6 {[%emt 0:01:08][%cal Od7c5] ...Nc5! is the strong threat.} 10. Nf3 Nc5 11. Qc2 (11. Qd1 {simplifies} Be6 12. Qc2 Bxc4 13. Qxc4 Qe4 14. Qxe4+ Ncxe4 15. O-O) 11... Qe4 {[%emt 0:03:26] Prevents Nd4.} 12. Qc3 (12. Qxe4+ {simplifies} Ncxe4 13. Nfd2 Bb4 14. O-O) 12... Na4 13. Qe5+ Be6 14. b3 Nb6 15. Ncd2 (15. O-O {simplifies} Nxc4 16. Qb5+ Bd7 17. Qxc4 Qxc4 18. bxc4 O-O-O 19. Bb2) 15... Bb4 {[%emt 0:04:05] White must now prevent ...Qxe5.} 16. Qb2 Qc6 (16... Qh7 $11) 17. O-O $14 Bc3 {[%emt 0:12:02] [#] Prevents Nd4.} 18. Nd4 $1 Qxg2+ 19. Kxg2 Bxb2 20. Bxb2 Bd7 21. N4f3 O-O-O 22. Bxf6 gxf6 23. Nd4 Kb8 24. Rac1 Rhe8 25. e3 Re5 26. b4 a5 27. a3 axb4 28. axb4 Nd5 29. Rb1 Nxb4 $1 30. Rxb4 {[%emt 0:00:42] aiming for Rfb1.} c5 31. Rb6 (31. f4 Rxe3 32. Nc4 (32. Rb3 $2 cxd4 33. Rfb1 Re2+ 34. Kg1 Bc6 $19) 32... Rd3 $17 (32... cxd4 33. Nxe3 dxe3 34. Kf3 $16)) 31... cxd4 32. Rfb1 Kc8 33. exd4 Re6 34. d5 Rxb6 35. Rxb6 $11 {[%emt 0:00:01][%mdl 4096] Endgame. KRB-KRN} Be8 36. Rxf6 Rxd5 37. Nc4 Kc7 {[%emt 0:00:13] Wards off Nb6} 38. Rxh6 b5 39. Ne3 Rd4 40. Rh4 Rxh4 41. gxh4 {[%emt 0:00:01] White wants to play h5. KB-KN} Kd6 42. h5 Ke6 43. f4 {[%emt 0:00:19] h6 would now be deadly.} (43. h6 $5 Kf6 $8 44. Nd5+ Kg6 45. h7 $16) 43... Bc6+ 44. Kf2 {[%emt 0:00:46] Hoping for h6.} b4 $2 (44... Be4 $11 {and Black is okay.}) 45. Nc2 (45. h6 $1 $18 {[%cal Rh6h7] and the rest is easy. Threatens to win with h7.} b3 46. h7) 45... b3 46. Nd4+ Kf6 47. Nxb3 (47. Nxc6 $2 {too greedy.} b2 48. h6 b1=Q $19 (48... b1=B $2 {perishes.} 49. Ne5 $18)) 47... Be4 48. Kg3 {[%emt 0:00:28] And now Nd4 would win.} Kg7 49. Nd4 f6 $2 (49... Bd3 $16 50. Kg4 Kf6) 50. Kg4 Bd3 51. Nf5+ $1 Kh7 {[%emt 0:00:04] [#]} 52. Nd6 $2 (52. Ng3 $1 {mates} Kg7 53. Kf3 Bc2 54. Ke3 Kf8 55. Kd4 Bh7 56. f5 Kg7 57. Kd5) 52... Kg7 ({Black should play} 52... Kh6) 53. f5 $16 Be2+ 54. Kh4 Bd3 {[%emt 0:00:07] [#]} 55. Ne8+ $1 Kf8 56. Nd6 (56. Nxf6 $16 {Threatening mate with Kg5.} Bxf5 57. Kg5) 56... Kg7 $1 $11 {[%emt 0:00:03] The position is equal.} 57. Kg3 {[%emt 0:01:07] With the idea Ne8+.} Kh6 58. Kf4 {[%emt 0:00:41] Ne8 would kill now.} (58. Kg4 $5) 58... Kxh5 59. Ne8 Kh4 60. Nxf6 Kh3 61. Ng4 Bb1 62. f6 Ba2 $1 63. Kf5 Bb3 64. Kg5 Ba2 65. Kf4 Bb3 66. Ne3 {[%emt 0:00:54] White threatens Ke5 and mate.} Kxh2 67. Ke5 Bf7 68. Nf5 Kh3 69. Kd6 Kg4 70. Ke7 {[%emt 0:00:00] Intending Nh6+ and mate.} Bg6 71. Nd4 Kg5 72. Nf3+ Kf4 73. Nd2 (73. Nh4 $5 Bh5 $8 74. Ke6 $11 (74. Ng6+ Bxg6 75. Kf8 Kg5 $11)) 73... Kf5 (73... Kg5 $5) 74. Nc4 Bh5 75. Nb6 Bg6 (75... Ke5 $5) 76. Nd7 Bh5 77. Nf8 (77. f7 {simplifies} Bxf7 78. Kxf7 Kf4 79. Nc5) 77... Be8 78. Ne6 Bg6 79. Nc5 Bh5 80. Nd7 Bg6 81. Kf8 Bh5 82. Kg7 Be8 83. Nb8 Bh5 84. Nc6 Ke6 85. Nd4+ (85. f7 {simplifies} Bxf7 86. Nd8+ Kf5 87. Kxf7 Kg4 88. Nc6) 85... Ke5 86. Ne2 Be8 87. Ng3 Kf4 88. Kf8 Bg6 89. Ne2+ Ke5 90. Ke7 Kf5 91. Nd4+ Kg5 92. Nf3+ Kf4 93. Nh4 Bh5 94. Ke6 Bg4+ 95. Kf7 {[%emt 0:00:27] White wants to mate with Ng6+.} Bh5+ 96. Kg7 Kg5 {[%emt 0:00:06] [#] Prevents Ng6} 97. Nf3+ $1 Kf5 (97... Kf4 98. Nd4) 98. f7 Bxf7 {[%emt 0:00:35] White really could win this.   Weighted Error Value: White=0.27 (precise) /Black=0.36.  Loses game:     	---       	Black=2      Mistake:       	White=2     	Black=1      Inaccurate:     	White=5     	Black=5      OK:         	White=24    	Black=51     Best:        	White=2     	Black=14     Strong:       	White=2     	Black=3} 1/2-1/2

[Event "Baku Open 2024"]
[Site "Baku"]
[Date "2024.07.03"]
[Round "5.10"]
[White "Aleksandrov, Aleksej"]
[Black "Asadli, Vugar"]
[Result "0-1"]
[ECO "A40"]
[WhiteElo "2405"]
[BlackElo "2560"]
[Annotator "TA"]
[PlyCount "52"]
[EventDate "2024.06.29"]
[EventType "swiss"]
[EventCountry "AZE"]
[SourceTitle "playchess.com"]
[Source "ChessBase"]
[SourceQuality "1"]
[TimeControl "5400+30"]

1. d4 e6 2. c4 b6 3. e4 Bb4+ 4. Nc3 Bb7 5. f3 f5 6. exf5 Nh6 7. fxe6 Nf5 8. Nh3 (8. Bf4 $14) 8... Qh4+ $1 $11 9. Nf2 {[%emt 0:03:19] [#] Black must now prevent a3.} Nxd4 10. exd7+ $2 ({White should try} 10. Be3 $15 Nxe6 11. Qd2) 10... Nxd7 $19 11. Be3 Nf5 {[%emt 0:21:46][%mdl 1024] Black has strong compensation.} 12. Qd2 {[%emt 0:03:05] [#]} O-O-O $1 13. Bg5 Rde8+ 14. Kd1 Qh5 {[%emt 0:00:15] And now ...h6 would win. Some like it hot. Black has more active pieces. The white rooks are passive.} 15. Kc1 h6 $36 {[%emt 0:06:06][%mdl 2048] Black is in control.} 16. Bd3 Qf7 (16... Qxg5 17. Qxg5 hxg5 18. Bxf5 Bxc3 19. bxc3 $17) 17. Bf4 Nc5 {[%emt 0:00:41] ...Nh4 would now be deadly.} 18. Bxf5+ Qxf5 19. Bg3 (19. Be3 $142) 19... Re7 (19... h5 $19 {Hoping for ...h4.} 20. Rd1 h4) 20. Qc2 Qg5+ 21. Kb1 $2 (21. Qd2 {was the only defense.}) 21... Rhe8 (21... Bxc3 $142 22. Nh3 Qd2) 22. Nfd1 (22. Rd1 {is a better defense.}) 22... Rd7 23. Nd5 $2 (23. Re1 Rxe1 24. Bxe1) 23... Rxd5 24. cxd5 Ba6 25. Nf2 {[%emt 0:02:23] Prevents Bd3} Re2 ({Worse is} 25... Qxd5 26. Rd1 Qf7 27. Ne4 Nxe4 28. fxe4 $11) 26. Ne4 Bd3 {[%emt 0:00:21] Weighted Error Value: White=0.86/Black=0.24 (precise) .  Loses game:     	White=1     	---        Missed win:     	---       	Black=1      Mistake:       	White=5     	Black=1      OK:         	White=6     	Black=5      Best:        	White=3     	Black=1      Strong:       	---       	Black=2} 0-1